AoeStats
← ĐẠI ĐÔ ĐỐC MẠNH ĐẠT

Lombardia

508999458Analyzed
4v4 RM · 1mo ago on Sep 25, 2026· 26m 6s· 8 players
Game mode
Random Map
Map size
Large (8 player)
Population
200
Speed
Normal
Resources
Standard
Victory
Conquest
Starting age
Dark Age
Ending age
Imperial Age
RankedLock teamsTeams togetherTeam positionsShared explorationLock speedFull tech treeHidden civsTurbo modeCheats
Victory
Defeat
🇨🇱 Magyars · Chile
1493
+13
🇨🇱 Sicilians · Chile
1463
+14
1458
+14
🇨🇦 Hindustanis · Canada
1420
+16
vs
🇨🇱 Danes · Chile
1429
-15
🇨🇱 Ethiopians · Chile
1418
-14
🇨🇱 Saxons · Chile
1414
-14
🇨🇱 Persians · Chile
1410
-14
Jokerface
7:09 Loom
9:33 Feudal Age
10:33 Horse Collar
10:39 Double-Bit Axe
19:22 Castle Age
17:38 Bloodlines
20:27 Bow Saw
21:23 Scale Barding Armor
23:16 Husbandry
El Choro Stifen
6:56 Loom
8:57 Feudal Age
10:50 Double-Bit Axe
13:43 Horse Collar
18:42 Wheelbarrow
21:34 Castle Age
21:17 Forging
21:48 Town Watch
23:02 Fletching
24:19 Bodkin Arrow
ĐẠI ĐÔ ĐỐC MẠNH ĐẠT
8:05 Loom
11:58 Feudal Age
15:56 Castle Age
14:44 Double-Bit Axe
14:59 Horse Collar
15:47 Gold Mining
17:42 Fletching
20:53 Padded Archer Armor
22:12 Bodkin Arrow
22:44 Ballistics
24:27 Bow Saw
26:26 Bloodlines
Patopsx
6:20 Loom
9:14 Feudal Age
9:44 Double-Bit Axe
15:04 Scale Barding Armor
17:49 Wheelbarrow
19:23 Bloodlines
Leonardo
7:05 Loom
9:34 Feudal Age
11:04 Double-Bit Axe
14:45 Fletching
15:41 Horse Collar
20:39 Castle Age
18:58 Padded Archer Armor
20:58 Gold Mining
20:51 Crossbowman
21:27 Bodkin Arrow
22:01 Bow Saw
22:44 Wheelbarrow
26:06 Ballistics
Mancodios
8:06 Loom
9:52 Feudal Age
12:31 Double-Bit Axe
12:16 Man-at-Arms
13:38 Forging
17:31 Horse Collar
18:28 Scale Mail Armor
21:03 Castle Age
20:51 Arson
ATELLo
6:50 Loom
9:48 Feudal Age
12:34 Fletching
12:45 Padded Archer Armor
19:28 Double-Bit Axe
21:12 Scale Mail Armor
26:47 Castle Age
Gus Dekkers
6:27 Loom
9:23 Feudal Age
24:31 Castle Age
25:51 Scale Barding Armor
Connection lost

Rejoining the realm…

Still unreachable

The connection could not be restored.

Session expired

The server has moved on; the page needs a fresh start.